 Dungeon Sprint DCSS version 0.28-a0-1412-gf95308ed99 (webtiles) character file.

Game seed: 8591892719918642880

298 brmiller01 the Grappler (level 6, 0/68 HPs)
             Began as a Troll Berserker on Jan 6, 2022.
             Was a Believer of Trog.
             Slain by a centaur warrior (11 damage)
             ... in the Dungeon (Sprint I: "Red Sonja").
             The game lasted 00:00:33 (83 turns).

brmiller01 the Grappler (Troll Berserker)             Turns: 83, Time: 00:00:34

Health: 0/68       AC:  4    Str: 28    XL:     6   Next: 13%
Magic:  5/5        EV: 11    Int:  3    God:    Trog [**....]
Gold:   162        SH:  0    Dex:  9    Spells: 5/5 levels left

rFire   . . .      SeeInvis .     - Unarmed
rCold   . . .      Faith    .   (no shield)
rNeg    . . .      Spirit   .   a - +0 animal skin
rPois   .          Reflect  .   (helmet restricted)
rElec   .          Harm     .   (no cloak)
rCorr   .          Rampage  .   (gloves unavailable)
Will    .....      NoTele   +   (boots unavailable)
Stlth   +.........              (no amulet)
HPRegen 1.01/turn               (no ring)
MPRegen 0.09/turn               (no ring)

@: very slow
A: large, unfitting armour, claws 3, regeneration 1, shaggy fur 1, tough skin 1
a: Renounce Religion, Berserk, Trog's Hand


You were in the Dungeon.
You worshipped Trog.
Trog was pleased with you.
You visited 1 branch You collected 162 gold pieces.

Inventory:

Armour
 a - a +0 animal skin (worn)
Wands
 h - a wand of polymorph (2)
Scrolls
 g - a scroll of blinking
 j - a scroll of immolation {unknown}
Potions
 b - a potion of curing
 c - a potion of heal wounds
 d - a potion of haste
 e - 2 potions of magic
 f - a potion of berserk rage
 i - a potion of attraction {unknown}


   Skills:
 + Level 6.5 Fighting
 + Level 6.4 Dodging
 + Level 8.6 Unarmed Combat


You had 5 spell levels left.
You didn't know any spells.
Your spell library was empty.

Dungeon Overview and Level Annotations

Branches:
Dungeon (1/1)

Altars:
Sif Muna
Vehumet
Wu Jian


Innate Abilities, Weirdness & Mutations

You are too large for most types of armour.
You have claws for hands.
Your natural rate of healing is unusually fast.
You are covered in fur. (AC +1)
You have tough skin. (AC +1)


Message History

Things that are here:
a +0 scythe; a +0 robe; the human corpse of Sigmund You open the door.
There is an open door here.
You now have 81 gold pieces (gained 27).
You now have 108 gold pieces (gained 27).
You now have 135 gold pieces (gained 27).
You now have 162 gold pieces (gained 27).
You open the door.
Found 16 stones.
Found two altars.
No target in view!
A jelly comes into view.
The jelly quivers.
There is an open door here.
A jelly is nearby!
Unknown command.
Found a radiant altar of Vehumet.
You see here 16 stones.
The jelly closely misses you.
You see here a scroll labelled DECIPO OQEWUR.
You mangle the jelly!!
You kill the jelly!
Trog accepts your kill.
No target in view!
No target in view!
j - a scroll labelled DECIPO OQEWUR You open the door.
A centaur warrior comes into view.
The centaur warrior shouts!
You hear a shout!
A centaur warrior comes into view.
The centaur warrior wields a +0 longbow.
The centaur warrior shoots an arrow.
The arrow hits you!!
Found a trident and a scroll labelled FUNOSI UMIL.
There is an open door here.
You enter the shallow water.
Moving in this stuff is going to be slow.
The centaur warrior shoots an arrow.
The arrow hits you!!
* * * LOW HITPOINT WARNING * * *
The centaur warrior hits you!
You die...

################
#<.#).)..#..'..#
#..'..#..').#..+
#..#####'#####'#
## #..# #..#
#(####)§# #..#
#### ##.#≈§§§§#
#..# #_.'@c§§§
#⌠⌠#
+..._#§c§§c#
####
#_.#+##+#### ##+


You could see 2 centaur warriors.

Vanquished Creatures
  Sigmund (D)
  An ogre (D)
  A jelly (D)
  Ijyb (D)
4 creatures vanquished.

Notes
Turn   | Place    | Note
-------+----------+-------------------------------------------
     0 | D        | brmiller01 the Troll Berserker began the quest for the Orb.
     0 | D        | Reached XP level 1. HP: 22/22 MP: 0/0
     1 | D        | Noticed Ijyb
    10 | D        | Killed Ijyb
    11 | D        | Reached skill level 4 in Unarmed Combat
    11 | D        | Reached XP level 2. HP: 32/32 MP: 1/1
    14 | D        | Noticed an ogre
    22 | D        | Killed an ogre
    23 | D        | Reached skill level 5 in Fighting
    23 | D        | Reached skill level 6 in Unarmed Combat
    23 | D        | Reached XP level 3. HP: 42/42 MP: 2/2
    23 | D        | Reached XP level 4. HP: 50/50 MP: 3/3
    43 | D        | Noticed Sigmund
    49 | D        | Killed Sigmund
    49 | D        | Reached ** piety under Trog
    50 | D        | Reached skill level 8 in Unarmed Combat
    50 | D        | Reached XP level 5. HP: 51/61 MP: 4/4
    50 | D        | Reached XP level 6. HP: 57/68 MP: 5/5
    74 | D        | Found an ornate altar of the Wu Jian Council.
    74 | D        | Found a shimmering blue altar of Sif Muna.
    76 | D        | Found a radiant altar of Vehumet.
    81 | D        | Noticed a centaur warrior
    81 | D        | Noticed a centaur warrior
    83 | D        | Slain by a centaur warrior

Illustrated notes

Levels and vault maps discovered:
D:        dungeon_sprint_1 [red_sonja_temple_1, red_sonja_temple_small_1]

Skill      XL: |  1  2  3  4 |
---------------+-------------+-----
Fighting       | 3 5 6 |  6.5
Dodging        | 3 4 6 |  6.4
Unarmed Combat | 4 6 8 |  8.6

Action                   |  1- 3 |  4- 6 || total
-------------------------+-------+-------++-------
Melee: Unarmed           |    15 |     6 ||    21
Dodge: Dodged            |     6 |     2 ||     8

Table legend: (Time is in decaauts)
 A = Elapsed time spent in this place.
 B = Non-inter-level travel time spent in this place.
 C = Inter-level travel time spent in this place.
 D = Time resting spent in this place.
 E = Time spent auto-exploring this place.
 F = Levels seen in this place.
 G = Mean time per level.
                   A        B        C        D        E       F      G
               +--------+--------+--------+--------+--------+-----+--------+
         Total |     81 |     81 |      0 |      0 |     38 |   1 |   81.0 |
       Dungeon |     81 |     81 |      0 |      0 |     38 |   1 |   81.0 |
               +--------+--------+--------+--------+--------+-----+--------+

Top non-repeatable levels by time:
       D: 81 daAuts
